 Dungeon Crawl Stone Soup version 0.28.0-53-g5a82cb258f (webtiles) character file.

Game seed: 4174240641768943305

202595 Peloso the Hoplite (level 18, -3/173 HPs)
             Began as a Minotaur Fighter on June 6, 2022.
             Was the Champion of Okawaru.
             Slain by a tentacle (8 damage)
             ... attached to a kraken
             ... on level 3 of the Shoals.
             The game lasted 01:48:04 (39241 turns).

Peloso the Hoplite (Minotaur Fighter)              Turns: 39241, Time: 01:48:06

Health: -3/173     AC: 38    Str: 29    XL:     18   Next: 33%
Magic:  19/19      EV: 10    Int:  7    God:    Okawaru [******]
Gold:   2884       SH: 17    Dex: 14    Spells: 17/17 levels left

rFire   + + .      SeeInvis .   a - +8 falchion of Pain and Death {vorpal, rElec rCorr Int+2}
rCold   + . .      Faith    .   u - +1 kite shield {reflect}
rNeg    . . .      Spirit   .   V - +8 plate armour "Potekimp" {rF++}
rPois   +          Reflect  +   S - +2 hat {Will+}
rElec   +          Harm     .   L - +2 cloak {Will+}
rCorr   +          Rampage  .   N - +2 pair of gloves of Pessimism {rC+ Stlth+}
Will    +++..                   T - +0 pair of boots "Foyculadd" {Regen+}
Stlth   ..........              d - amulet of Yderet {Fly Regen+}
HPRegen 0.00/turn               x - +6 ring of strength
MPRegen 0.16/turn               n - ring of Ometel {Wiz rElec rPois Str-2}

@: flying, inhibited regen
A: horns 2, retaliatory headbutt, inhibited regeneration
a: Renounce Religion, Heroism, Finesse, Duel


You were on level 3 of the Shoals.
You worshipped Okawaru.
Okawaru was exalted by your worship.
You visited 7 branches of the dungeon, and saw 31 of its levels.
You also visited: Gauntlet and Ice Cave.

You collected 3261 gold pieces.
You spent 377 gold pieces at shops.

Inventory:

Hand Weapons
 a - the +8 falchion of Pain and Death (weapon) {vorpal, rElec rCorr Int+2}
   (Okawaru gifted it to you on level 1 of the Snake Pit)

   It inflicts extra damage upon your enemies.
   Int:       It affects your intelligence (+2).
   rElec:     It insulates you from electricity.
   rCorr:     It protects you from acid and corrosion.
 b - a +2 falchion of flaming
 c - a +4 demon blade of electrocution
Armour
 u - a +1 kite shield of reflection (worn)
 L - a +2 cloak of willpower (worn)
 N - the +2 pair of gloves of Pessimism (worn) {rC+ Stlth+}
   (Okawaru gifted it to you on level 2 of the Orcish Mines)

   rC:        It protects you from cold.
   Stlth:     It makes you more stealthy.
 S - a +2 hat of willpower (worn)
 T - the +0 pair of boots "Foyculadd" (worn) {Regen+}
   (Okawaru gifted it to you on level 11 of the Dungeon)

   Regen:     It increases your rate of health regeneration.
 V - the +8 plate armour "Potekimp" (worn) {rF++}
   (Okawaru gifted it to you on level 4 of the Lair of Beasts)

   rF:        It greatly protects you from fire.
Jewellery
 d - the amulet of Yderet (around neck) {Fly Regen+}
   (You found it in a Gauntlet)

   [amulet of regeneration]

   Fly:       It grants you flight.
   Regen:     It increases your rate of health regeneration.
 g - the ring "Irhacich" {rElec rC+ Will- Str+3}
   (You took it off a tengu warrior on level 12 of the Dungeon)

   [ring of protection from cold]

   Str:       It affects your strength (+3).
   rC:        It protects you from cold.
   rElec:     It insulates you from electricity.
   Will:      It decreases your willpower.
 h - the ring "Kuciady" {rC+ Stlth+}
   (You found it on level 12 of the Dungeon)

   [ring of protection from cold]

   rC:        It protects you from cold.
   Stlth:     It makes you more stealthy.
 k - a ring of see invisible
 n - the ring of Ometel (right hand) {Wiz rElec rPois Str-2}
   (You took it off a centaur on level 12 of the Dungeon)

   [ring of wizardry]

   It improves your spell success rate.
   Str:       It affects your strength (-2).
   rElec:     It insulates you from electricity.
   rPois:     It protects you from poison.
 x - a +6 ring of strength (left hand)
 Q - a ring of willpower
Wands
 l - a wand of flame (10)
 B - a wand of digging (1)
Scrolls
 e - 5 scrolls of noise
 j - 8 scrolls of teleportation
 p - 4 scrolls of blinking
 t - a scroll of acquirement
 y - 6 scrolls of immolation
 D - 4 scrolls of fear
 F - 4 scrolls of identify
 M - 3 scrolls of magic mapping
Potions
 f - 2 potions of might
 m - a potion of mutation
 o - 3 potions of resistance
 s - 6 potions of heal wounds
 z - 13 potions of curing
 E - 4 potions of haste
 H - 3 potions of berserk rage
Miscellaneous
 i - a condenser vane


   Skills:
 + Level 18.6 Fighting
 + Level 19.6 Long Blades
 + Level 5.6 Axes
 + Level 18.8 Armour
 + Level 5.0 Dodging
 + Level 2.8 Stealth
 + Level 21.9 Shields
 + Level 3.2 Invocations
 + Level 1.8 Evocations


You had 17 spell levels left.
You didn't know any spells.
Your spell library contained the following spells:

 Spells                   Type           Power      Damage    Failure   Level
 Apportation              Tloc           0%         N/A       69%         1
 Foxfire                  Conj/Fire      0%         2x1d4     69%         1
 Sandblast                Erth           0%         2d4       69%         1
 Sting                    Tmut/Pois      0%         1d3       69%         1
 Ensorcelled Hibernation  Hex/Ice        0%         N/A       82%         2
 Passwall                 Tmut/Erth      0%         N/A       82%         2
 Scorch                   Fire           0%         2d5       82%         2
 Wereblood                Tmut           0%         N/A       82%         2
 Conjure Flame            Conj/Fire      0%         6-21      95%         3
 Inner Flame              Hex/Fire       0%         N/A       95%         3
 Spider Form              Tmut/Pois      0%         N/A       95%         3
 Stone Arrow              Conj/Erth      0%         3d7       95%         3
 Swiftness                Air            0%         N/A       95%         3
 Vampiric Draining        Necr           0%         2d6       95%         3
 Anguish                  Hex/Necr       0%         N/A       100%        4
 Dispel Undead            Necr           0%         3d6       100%        4
 Flame Wave               Conj/Fire      0%         2d4       100%        4
 Hailstorm                Conj/Ice       0%         3d3       100%        4
 Alistair's Intoxication  Tmut/Pois      0%         N/A       100%        5
 Iskenderun's Battlesphe  Conj           0%         2d6       100%        5
 Metabolic Englaciation   Hex/Ice        0%         N/A       100%        5
 Iron Shot                Conj/Erth      0%         9d1       100%        6
 Statue Form              Tmut/Erth      0%         N/A       100%        6
 Enfeeble                 Hex            0%         N/A       100%        7
 Orb of Destruction       Conj           0%         9d5       100%        7
 Storm Form               Tmut/Air       0%         N/A       100%        7
 Maxwell's Capacitive Co  Air            0%         ∞         100%        8
 Necromutation            Tmut/Necr      0%         N/A       100%        8
 Animate Skeleton         Necr           Unusable   N/A       N/A         1
 Summon Guardian Golem    Hex/Summ       Unusable   N/A       N/A         3
 Tukima's Dance           Hex            Unusable   N/A       N/A         3
 Animate Dead             Necr           Unusable   N/A       N/A         4
 Summon Lightning Spire   Summ/Air       Unusable   N/A       N/A         4
 Simulacrum               Ice/Necr       Unusable   N/A       N/A         6
 Summon Cactus Giant      Summ           Unusable   N/A       N/A         6
 Spellforged Servitor     Conj/Summ      Unusable   N/A       N/A         7

Dungeon Overview and Level Annotations

Branches:
Dungeon (15/15)            Temple (1/1) D:6            Lair (6/6) D:9
 Shoals (3/4) Lair:3        Snake (3/4) Lair:3        Slime (0/5) Lair:6
    Orc (2/2) D:11            Elf (1/3) Orc:2        Vaults (0/5) D:13
 Depths (0/4) D:15          IceCv (visited)         Gauntlet (visited)

Altars:
Ashenzari
Cheibriados
Dithmenos
Elyvilon
Fedhas
Gozag
Hepliaklqana
Kikubaaqudgha
Makhleb
Nemelex Xobeh
Okawaru
Qazlal
Ru
Sif Muna
Trog
Uskayaw
Vehumet
Wu Jian
Xom
Yredelemnul
Zin
The Shining One
Beogh
Lugonu

Shops:
Orc:1 !!=?   Orc:2 =(*[   Elf:1 =:=

Portals:
Abyss: Shoals:2
Trove: Elf:1 (give +2 gold dragon scales)

Annotations:
Lair:2 2 transporters, Qucvyi Areg's ghost, journeyman DrTm
Lair:6 Casa
Shoals:2 1 runed translucent door


Innate Abilities, Weirdness & Mutations

You have a pair of horns on your head.
You reflexively headbutt those who attack you in melee.
You do not regenerate when monsters are visible.


Message History

The kraken is heavily wounded.
You block the tentacle's attack. x2; The tentacle slaps you.
The tentacle slaps you but does no damage.
The kraken bites you but does no damage.
Unknown command.
You hit the kraken but do no damage.
You headbutt the kraken, but do no damage.
The kraken is heavily wounded.
You block the tentacle's attack.
The tentacle slaps you but does no damage.
The tentacle slaps you! You block the tentacle's attack.
The kraken barely misses you. You block the tentacle's attack.
You hit the kraken but do no damage.
The kraken is heavily wounded.
You block the tentacle's attack. x2
The tentacle slaps you but does no damage.
A tentacle segment bursts forth from the water.
The kraken bites you but does no damage.
The tentacle slaps you!
* * * LOW HITPOINT WARNING * * *
You slice the kraken!!
You headbutt the kraken, but do no damage.
The kraken is severely wounded.
The tentacle slaps you but does no damage. x3
You block the tentacle's attack.
A tentacle segment bursts forth from the water.
You hit the kraken but do no damage.
The kraken is severely wounded.
The kraken closely misses you. You block the tentacle's attack.
The tentacle slaps you!
* * * LOW HITPOINT WARNING * * *
You block the tentacle's attack. x2
Unknown command.
You hit the kraken but do no damage. You headbutt the kraken.
The kraken is severely wounded.
You block the tentacle's attack. The tentacle closely misses you.
The kraken bites you!!
* * * LOW HITPOINT WARNING * * *
The tentacle slaps you!
You die...

#≈≈≈≈≈≈≈≈≈......≈≈≈..#
#≈≈≈≈≈≈≈≈≈....≈≈≈...##
#≈≈≈≈≈≈≈≈≈.....≈≈...#
#≈≈≈≈≈≈≈≈≈.≈≈≈≈≈...####..
#≈≈≈≈≈≈≈≈..≈≈≈≈≈≈........
#≈≈≈≈≈≈≈≈...≈≈≈≈≈≈.......
#≈≈≈≈≈≈≈≈..≈≈≈≈≈≈≈≈≈≈≈..≈
≈≈≈≈≈≈≈≈≈≈≈≈≈w≈w≈≈≈≈≈≈.
≈≈≈≈≈≈≈≈≈≈≈≈≈@≈≈≈≈≈≈≈≈
≈≈≈≈≈≈wXw≈≈≈≈≈≈≈
≈≈≈≈≈≈≈≈≈≈≈≈≈≈≈≈
≈≈≈≈≈≈≈≈≈≈≈≈≈≈≈≈
≈≈≈≈≈≈≈≈≈≈≈≈≈≈≈≈
≈≈≈≈≈≈≈≈≈≈≈≈≈≈≈
≈≈≈≈≈≈≈≈≈≈≈≈≈≈≈
≈≈≈≈≈≈≈≈≈≈≈≈≈≈≈


You could see a kraken and 4 tentacles.

Vanquished Creatures
  The ghost of Kaobra the Tortoise, an adept GnWz of Ashenzari (Elf:1)
  A kraken (Shoals:1)
  Gastronok (D:11)
  Roxanne (Snake:1)
  3 nagarajas
  A deep elf sorcerer (Elf:1)
  2 orc warlords (Orc:2)
  Louise (Shoals:2)
  2 very ugly things (D:15)
  A deep elf demonologist (Elf:1)
  A minotaur (Gauntlet)
  A fire dragon (Lair:5)
  3 merfolk impalers
  2 merfolk javelineers (Shoals:1)
  A rakshasa (D:15)
  A vault guard (D:13)
  An ice dragon (Orc:2)
  2 great orbs of eyes
  A merfolk avatar (Shoals:3)
  A catoblepas (Lair:6)
  10 naga warriors
  7 anacondas
  8 boulder beetles
  7 hydras
  9 centaur warriors
  A death knight (D:13)
  6 two-headed ogres
  An orc high priest (Orc:2)
  A deep troll shaman (Lair:6)
  5 tengu warriors
  7 death yaks (Lair:6)
  7 naga sharpshooters
  7 shock serpents
  5 deep elf knights (Elf:1)
  A fire crab (Gauntlet)
  Nergalle (Lair:3)
  A salamander mystic (Snake:2)
  A skeletal warrior (D:12)
  4 naga ritualists
  6 sea snakes
  3 deep elf archers (Elf:1)
  2 necromancers
  2 wizards (Elf:1)
  2 lindwurms
  8 orc knights
  16 harpies
  14 deep elf pyromancers
  14 deep elf zephyrmancers (Elf:1)
  10 mana vipers
  19 ugly things
  6 orc sorcerers
  9 salamanders
  12 manticores
  11 fauns
  7 cyclopes
  A moth of wrath (Gauntlet)
  6 merfolk sirens
  14 elephants
  An elephant (shapeshifter) (D:15)
  An ice statue (IceCv)
  15 cane toads
  2 water nymphs
  6 gargoyles
  11 naga magi
  Maurice (D:8)
  An apocalypse crab (Shoals:2)
  7 guardian serpents
  A torpor snail (Lair:5)
  32 black mambas
  5 orange demons (D:14)
  Maggie (D:7)
  2 unseen horrors (D:12)
  8 rime drakes
  A cane toad (shapeshifter) (D:13)
  9 komodo dragons
  A kobold demonologist (D:11)
  2 efreet
  6 freezing wraiths
  A yaktaur (D:15)
  3 entropy weaver simulacra (IceCv)
  11 ice devils (IceCv)
  2 anaconda simulacra (IceCv)
  2 tengu conjurers
  2 red devils (D:14)
  8 trolls
  3 wind drakes
  14 merfolk
  6 polar bears
  A polar bear (shapeshifter) (D:13)
  22 blink frogs
  19 slime creatures
  8 dream sheep
  2 snapping turtles (Shoals:2)
  2 air elementals (Elf:1)
  35 yaks
  5 water elementals
  3 vampires
  4 shadows
  2 basilisks
  2 fire elementals (Elf:1)
  A ynoxinul (Gauntlet)
  A hog (shapeshifter) (Elf:1)
  3 fire bats (Gauntlet)
  7 vampire mosquitoes
  3 death yak simulacra (IceCv)
  11 steam dragons
  25 nagas
  8 wargs
  A harpy simulacrum (IceCv)
  18 water moccasins
  A hell hound (Gauntlet)
  6 black bears
  38 orc warriors
  2 sky beasts
  2 ice beasts
  2 necrophages
  6 ogres
  52 wolves
  12 centaurs
  2 phantoms
  A kobold brigand (D:8)
  Blork the orc (Orc:2)
  A gnoll sergeant (D:11)
  A scorpion (D:7)
  17 bullfrogs
  5 cane toad simulacra (IceCv)
  3 elephant simulacra (IceCv)
  10 wights
  5 howler monkeys
  9 electric eels
  A bullfrog zombie (D:5)
  2 centaur zombies
  A centaur skeleton (D:5)
  4 hounds
  3 iron imps (Gauntlet)
  24 orc priests
  10 jellies
  A bullfrog skeleton (D:7)
  Terence (D:3)
  6 hell rats (Lair:4)
  6 iguanas
  Natasha (twice) (D:3)
  21 orc wizards
  4 polar bear simulacra
  3 yak simulacra (Lair:3)
  3 troll simulacra (IceCv)
  8 wolf simulacra
  A howler monkey zombie (D:5)
  9 gnolls
  3 adders
  2 shadow imps (D:5)
  3 white imps (IceCv)
  An adder skeleton (D:4)
  4 dart slugs
  88 orcs
  13 endoplasms
  2 giant cockroaches
  4 hobgoblins
  7 jackals
  23 kobolds
  A quokka (D:2)
  5 ball pythons
  3 bats (D:2)
  A frilled lizard (D:1)
  8 goblins
  4 rats
  5 river rat simulacra (Lair:3)
  A plant (Shoals:2)
  5 tentacles
1096 creatures vanquished.

Vanquished Creatures (others)
  An unseen horror (D:12)
  A boggart (Elf:1)
  An electric eel (D:10)
  An orc priest (Orc:2)
  An orc wizard (D:12)
  23 fungi
  64 plants
  8 tentacles
  6 toadstools (D:4)
  24 withered plants (Gauntlet)
130 creatures vanquished.

Grand Total: 1226 creatures vanquished

Notes
Turn   | Place    | Note
-------+----------+-------------------------------------------
     0 | D:1      | Peloso the Minotaur Fighter began the quest for the Orb.
     0 | D:1      | Reached XP level 1. HP: 19/19 MP: 0/0
   355 | D:1      | Reached XP level 2. HP: 27/27 MP: 1/1
   731 | D:1      | Reached skill level 4 in Shields
  1290 | D:2      | Reached XP level 3. HP: 31/33 MP: 2/2
  2025 | D:3      | Noticed Terence
  2027 | D:3      | Killed Terence
  2028 | D:3      | Reached XP level 4. HP: 41/41 MP: 3/3
  2041 | D:3      | Noticed Natasha
  2047 | D:3      | Killed Natasha
  2067 | D:3      | Reached skill level 5 in Fighting
  2067 | D:3      | Reached XP level 5. HP: 47/48 MP: 4/4
  2165 | D:3      | Identified the +0 robe of the Learner {rC+}
  2337 | D:3      | Noticed Natasha
  2344 | D:3      | Killed Natasha
  2555 | D:4      | Found a sparkling altar of Nemelex Xobeh.
  2557 | D:4      | Found an opulent altar of Gozag.
  2599 | D:4      | Noticed a phantom
  2608 | D:4      | Killed a phantom
  2609 | D:4      | Reached skill level 5 in Armour
  2709 | D:4      | Reached skill level 5 in Long Blades
  2709 | D:4      | Reached XP level 6. HP: 32/56 MP: 3/5
  3271 | D:4      | Found a bloodstained altar of Trog.
  3591 | D:4      | Reached XP level 7. HP: 45/62 MP: 4/6
  3765 | D:5      | Entered Level 5 of the Dungeon
  4679 | D:5      | Reached XP level 8. HP: 64/70 MP: 5/7
  5020 | D:6      | Found a stormy altar of Qazlal.
  5267 | D:6      | Found a staircase to the Ecumenical Temple.
  5273 | Temple   | Entered the Ecumenical Temple
  5312 | Temple   | Became a worshipper of Warmaster Okawaru
  5570 | D:5      | Reached skill level 5 in Shields
  6457 | D:6      | Reached * piety under Okawaru
  6565 | D:6      | Found a hide-covered altar of Uskayaw.
  6565 | D:6      | Found a white marble altar of Elyvilon.
  6565 | D:6      | Found a shimmering blue altar of Sif Muna.
  6912 | D:7      | Reached XP level 9. HP: 63/78 MP: 6/8
  6998 | D:7      | Noticed Maggie
  7012 | D:7      | Killed Maggie
  7013 | D:7      | Reached skill level 1 in Dodging
  7013 | D:7      | Reached skill level 1 in Stealth
  7202 | D:7      | Reached skill level 10 in Long Blades
  7815 | D:8      | Reached ** piety under Okawaru
  8051 | D:8      | Found a glowing golden altar of the Shining One.
  8188 | D:8      | Noticed an orc sorcerer
  8199 | D:8      | Killed an orc sorcerer
  8255 | D:8      | Reached skill level 6 in Shields
  8363 | D:8      | Noticed a centaur warrior
  8372 | D:8      | Killed a centaur warrior
  8372 | D:8      | Reached *** piety under Okawaru
  8373 | D:8      | Reached skill level 10 in Armour
  8373 | D:8      | Reached XP level 10. HP: 60/88 MP: 5/9
  8848 | D:8      | Noticed Maurice
  8852 | D:8      | Killed Maurice
  9155 | D:9      | Found a staircase to the Lair.
  9394 | D:9      | Reached **** piety under Okawaru
 10191 | D:10     | Entered Level 10 of the Dungeon
 10206 | D:10     | Noticed a gargoyle
 10222 | D:9      | Killed a gargoyle
 10223 | D:9      | Reached skill level 1 in Evocations
 10363 | D:10     | Reached skill level 7 in Shields
 10634 | D:10     | Noticed a centaur warrior
 10662 | D:10     | Killed a centaur warrior
 10957 | D:10     | Found a broken altar of Ashenzari.
 10971 | D:10     | Reached XP level 11. HP: 41/97 MP: 3/10
 11477 | D:11     | Reached ***** piety under Okawaru
 11502 | D:11     | Noticed a two-headed ogre
 11735 | D:11     | Killed a two-headed ogre
 11750 | D:10     | Received a gift from Okawaru
 12059 | D:11     | Noticed a two-headed ogre
 12064 | D:11     | Killed a two-headed ogre
 12477 | D:11     | Noticed Gastronok
 12503 | D:11     | Killed Gastronok
 12504 | D:11     | Reached skill level 10 in Fighting
 12504 | D:11     | Reached skill level 8 in Shields
 12687 | D:11     | Noticed a boulder beetle
 12715 | D:11     | Killed a boulder beetle
 12799 | D:11     | Noticed a soul eater
 12804 | D:11     | Reached skill level 1 in Invocations
 12862 | D:11     | Found a staircase to the Orcish Mines.
 12862 | D:11     | Noticed an orc knight
 12880 | D:11     | Killed an orc knight
 12902 | D:11     | Noticed an orc knight
 12915 | D:11     | HP: 2/101 [orc knight/+0 long sword (18)]
 13399 | D:11     | Killed an orc knight
 13427 | D:11     | Identified the +0 pair of boots "Foyculadd" {Regen+}
                  | (Okawaru gifted it to you on level 11 of the Dungeon)
 13427 | D:11     | Received a gift from Okawaru
 13728 | Lair:1   | Entered Level 1 of the Lair of Beasts
 13770 | Lair:1   | Reached XP level 12. HP: 107/107 MP: 10/12
 13772 | Lair:1   | Noticed a four-headed hydra
 13781 | Lair:1   | Killed a one-headed hydra
 13854 | Lair:1   | Reached skill level 1 in Axes
 13936 | Lair:1   | Reached skill level 9 in Shields
 14043 | Lair:1   | Noticed an eight-headed hydra
 14051 | Lair:1   | Killed a two-headed hydra
 14664 | Lair:2   | Found a gate leading to a gauntlet.
 14687 | Gauntlet | Entered a Gauntlet
 14687 | Gauntlet | Found a transporter.
 14687 | Gauntlet | Found a transporter.
 14690 | Gauntlet | Noticed a tengu warrior
 14692 | Gauntlet | Found a transporter.
 14694 | Gauntlet | Found a transporter.
 14710 | Gauntlet | Found a transporter.
 14712 | Gauntlet | Found a transporter.
 14722 | Gauntlet | Found a transporter.
 14802 | Gauntlet | Found a transporter.
 14802 | Gauntlet | Found a transporter.
 14816 | Gauntlet | Found a transporter.
 14820 | Gauntlet | Found a transporter.
 14836 | Gauntlet | Found a transporter.
 14909 | Gauntlet | Reached skill level 10 in Shields
 14993 | Gauntlet | Identified the amulet of Yderet {Fly Regen+}
 15023 | Gauntlet | Found the +4 skin of Zhor {*Englaciate rC+++ SInv}
 15023 | Gauntlet | Identified the +1 plate armour "Evock" {Int+3}
 15023 | Gauntlet | Noticed a minotaur
 15032 | Gauntlet | Killed a minotaur
 15133 | Lair:2   | Found a transporter.
 15133 | Lair:2   | Noticed Qucvyi Areg's ghost (journeyman DrTm)
 15135 | Lair:2   | Found a transporter.
 15137 | Lair:2   | Noticed a catoblepas
 15141 | Lair:2   | Noticed a death yak
 15467 | Lair:2   | Reached skill level 11 in Shields
 15470 | Lair:2   | Reached XP level 13. HP: 117/117 MP: 13/13
 15480 | Lair:2   | Reached skill level 15 in Armour
 15769 | Lair:2   | Reached ****** piety under Okawaru
 16059 | Lair:3   | Received a gift from Okawaru
 16307 | Lair:3   | Found a staircase to the Shoals.
 16307 | Lair:3   | Found a staircase to the Snake Pit.
 16330 | Lair:3   | Reached skill level 12 in Shields
 16411 | Lair:3   | Noticed Nergalle
 16450 | Lair:3   | Killed Nergalle
 16451 | Lair:3   | Reached skill level 15 in Long Blades
 17139 | Lair:4   | Identified the +8 plate armour "Potekimp" {rF++} (Okawaru
                  | gifted it to you on level 4 of the Lair of Beasts)
 17139 | Lair:4   | Received a gift from Okawaru
 17439 | Lair:4   | Reached skill level 13 in Shields
 17600 | Lair:4   | Identified the amulet "Girhat" {RegenMP Dex+2}
 18504 | D:12     | Reached XP level 14. HP: 117/129 MP: 14/14
 18509 | D:12     | Identified the +2 pair of gloves "Dyistrou" {Dex+4}
                  | (Okawaru gifted it to you on level 12 of the Dungeon)
 18509 | D:12     | Received a gift from Okawaru
 18683 | Orc:1    | Entered Level 1 of the Orcish Mines
 18740 | Orc:1    | Reached skill level 14 in Shields
 18778 | Orc:1    | Found Omepopes's Jewellery Emporium.
 18788 | Orc:1    | Found Qouxaser's Magic Scroll Emporium.
 18813 | Orc:1    | Found Tiokk's Distillery.
 18852 | Orc:1    | Bought a scroll of identify for 36 gold pieces
 18875 | Orc:1    | Bought a scroll of identify for 36 gold pieces
 18875 | Orc:1    | Bought a scroll of identify for 36 gold pieces
 18881 | Orc:1    | Bought a scroll of teleportation for 54 gold pieces
 18881 | Orc:1    | Bought a scroll of magic mapping for 63 gold pieces
 18900 | Orc:1    | Bought a potion of heal wounds for 70 gold pieces
 18900 | Orc:1    | Bought a potion of might for 56 gold pieces
 19145 | Orc:1    | Found Kaino's Distillery.
 19426 | Orc:2    | Entered Level 2 of the Orcish Mines
 19455 | Orc:2    | Found a frozen archway.
 19510 | IceCv    | Entered an ice cave
 19892 | IceCv    | Found an ancient bone altar of Kikubaaqudgha.
 20746 | IceCv    | Got the Incunabulum of Sinister Cold
 20988 | Orc:2    | Identified the +2 pair of gloves of Pessimism {rC+ Stlth+}
                  | (Okawaru gifted it to you on level 2 of the Orcish Mines)
 20988 | Orc:2    | Received a gift from Okawaru
 21021 | Orc:2    | Reached skill level 15 in Shields
 21027 | Orc:2    | Noticed an orc warlord
 21181 | Orc:2    | Killed an orc warlord
 21291 | Orc:2    | Gained mutation: You do not regenerate when monsters are
                  | visible. [a neqoxec]
 21509 | Orc:2    | Found a staircase to the Elven Halls.
 21511 | Orc:2    | Noticed an orc warlord
 21618 | Orc:2    | Killed an orc warlord
 22017 | Orc:2    | Noticed Blork the orc
 22192 | Orc:2    | Killed Blork the orc
 22309 | Orc:2    | Found Fojaot's Antique Armour Boutique.
 22325 | Orc:2    | Found Nuka Dosch's General Store.
 22333 | Orc:2    | Bought a scroll of identify for 26 gold pieces
 22348 | Orc:2    | Found Neujod's Jewellery Boutique.
 22426 | Orc:2    | Found Qiusuar's Antique Weapon Boutique.
 22908 | D:12     | Identified the ring "Rakkoqec" {Fire SInv}
 22940 | D:12     | Identified the ring "Irhacich" {rElec rC+ Will- Str+3}
 22954 | D:12     | Identified the ring of Ometel {Wiz rElec rPois Str-2}
 23201 | D:12     | Reached XP level 15. HP: 136/139 MP: 16/16
 23295 | D:13     | Reached skill level 16 in Shields
 23304 | D:13     | Found a gate to the Vaults.
 23326 | D:13     | Reached skill level 5 in Axes
 23328 | D:13     | Identified the +0 scale mail of Yesterday {Harm +Blink}
                  | (Okawaru gifted it to you on level 13 of the Dungeon)
 23328 | D:13     | Received a gift from Okawaru
 23539 | D:13     | Reached skill level 15 in Fighting
 24921 | D:14     | Found a hazy altar of Hepliaklqana.
 24964 | D:15     | Entered Level 15 of the Dungeon
 25392 | Lair:5   | Reached skill level 17 in Shields
 25904 | Lair:5   | Identified the +0 hat of Nohea {Str+3} (Okawaru gifted it
                  | to you on level 5 of the Lair of Beasts)
 25904 | Lair:5   | Received a gift from Okawaru
 26235 | Lair:6   | Entered Level 6 of the Lair of Beasts
 26242 | Lair:6   | Found a staircase to the Slime Pits.
 26832 | Lair:6   | Reached XP level 16. HP: 145/151 MP: 17/17
 28815 | D:12     | Identified the ring "Kuciady" {rC+ Stlth+}
 29491 | D:15     | Reached skill level 18 in Shields
 29791 | D:15     | Found a staircase to the Depths.
 30669 | Elf:1    | Entered Level 1 of the Elven Halls
 30757 | Elf:1    | Received a gift from Okawaru
 30784 | Elf:1    | Found Boots's Book Shoppe.
 30785 | Elf:1    | Found Tefenkif's Jewellery Boutique.
 30793 | Elf:1    | Found Zexzod's Jewellery Boutique.
 30937 | Elf:1    | Noticed an Executioner
 31136 | Elf:1    | Found a runed translucent door.
 31140 | Elf:1    | Noticed Kaobra's ghost (adept GnWz)
 31192 | Elf:1    | Identified a scroll of acquirement
 31350 | Elf:1    | Found a portal to a secret trove of treasure.
 31702 | Elf:1    | Paralysed by an air elemental for 1 turns
 31708 | Elf:1    | Paralysed by an air elemental for 1 turns
 31986 | Elf:1    | Killed Kaobra's ghost
 31989 | Elf:1    | Got the Disquisition on Evil
 32260 | Snake:1  | Entered Level 1 of the Snake Pit
 32298 | Snake:1  | Received a gift from Okawaru
 32399 | Snake:1  | Reached XP level 17. HP: 154/162 MP: 18/18
 32513 | Snake:1  | Reached skill level 19 in Shields
 32942 | Snake:1  | Identified Roxanne's Reference Book on Shape Shifting
 32942 | Snake:1  | Noticed Roxanne
 32967 | Snake:1  | Killed Roxanne
 33166 | Snake:1  | Identified the +8 falchion of Pain and Death {vorpal, rElec
                  | rCorr Int+2} (Okawaru gifted it to you on level 1 of the
                  | Snake Pit)
 33166 | Snake:1  | Received a gift from Okawaru
 34108 | Snake:2  | Reached skill level 20 in Shields
 34824 | Shoals:1 | Entered Level 1 of the Shoals
 34946 | Shoals:1 | Noticed a kraken
 35215 | Shoals:1 | Killed a kraken
 35263 | Shoals:1 | Received a gift from Okawaru
 36156 | Shoals:2 | Noticed Louise
 36194 | Shoals:2 | Killed Louise
 36411 | Shoals:2 | Reached skill level 21 in Shields
 36742 | Shoals:2 | Found a runed translucent door.
 36867 | Shoals:2 | Found a corrupted altar of Lugonu.
 36867 | Shoals:2 | Found a one-way gate to the infinite horrors of the Abyss.
 37232 | Snake:3  | Reached XP level 18. HP: 101/172 MP: 19/19
 38249 | Snake:3  | Received a gift from Okawaru
 38249 | Snake:3  | Found the +2 hat of the Bear Spirit {Spirit, *Rage Will++}
 39123 | Shoals:3 | Reached skill level 5 in Dodging
 39241 | Shoals:3 | HP: 5/173 [kraken (30)]
 39241 | Shoals:3 | Slain by a tentacle

Illustrated notes

Levels and vault maps discovered:
D:1:      minmay_arrival_shattered_statue, layout_basic,
          minmay_stone_trees_medium
D:2:      layout_basic
D:3:      layout_basic, uniq_natasha, uniq_terence
D:4:      cheibrodos_fertilizer, layout_cave_pods,
          grunt_temple_overflow_opulence, trog_book, serial_rivers,
          chequers_serial_rivers_micro_e, chequers_serial_rivers_micro_c,
          chequers_serial_rivers_micro_a, chequers_serial_rivers_micro_d
D:5:      layout_basic
D:6:      layout_loops_cross, gammafunk_temple_overflow_claw,
          grunt_qazlal_clouds, minmay_temple_entry_enclosed_plants
D:7:      layout_loops_ring, uniq_maggie
D:8:      cheibrodos_wizards_tower, layout_gridville,
          lemuel_coloured_pillars_altar, uniq_maurice
D:9:      layout_grid_maze, erik_lair_island, kennysheep_generic_room_14
D:10:     layout_basic, cheibrodos_ashenzari_chains
D:11:     layout_small_grid, david_orc_5, special_room [special_room_orc],
          abandoned_shop, uniq_gastronok
D:12:     minmay_the_grid_triangle_9x9_line_8_mashed
          [minmay_the_grid_triangle_9x9_swiss_cheese,
          minmay_the_grid_triangle_9x9_pentomino_pain,
          minmay_the_grid_triangle_9x9_checkered,
          minmay_the_grid_triangle_9x9_thin_v,
          minmay_the_grid_triangle_9x9_warning,
          minmay_the_grid_triangle_9x9_semitri,
          minmay_the_grid_triangle_9x9_sparse_checkered,
          minmay_the_grid_triangle_9x9_prize_special], layout_stronghold
D:13:     layout_irregular_city, david_vaults_5, nrook_guardian_serpent_double
D:14:     layout_long_grid, nzn_hepliaklqana_mist_gate,
          minmay_beelzebubs_servants
D:15:     gammafunk_enter_depths_forms, layout_small_grid, serial_bayou_shore_b
Temple:   cyrus_circular_temple
Lair:1:   layout_regular_city, grunt_megastairs_1
Lair:2:   layout_cave_pods, gauntlet_entry_generic, gammafunk_ghost_arena,
          grunt_forest_large_clearings, serial_bayou_shore_a, lemuel_fruit_tree
Lair:3:   layout_cave_pods, minmay_shoals_entry_beasts,
          minmay_snake_entry_spellcaster, eino_house_with_fridge, uniq_nergalle
Lair:4:   layout_loops_ring
Lair:5:   layout_regular_city, bobbens_dragon_lair_wall
Lair:6:   grunt_lair_end_beastmaster, layout_big_grid,
          nicolae_slime_entry_slimehenge, chequers_serial_rivers_small_3,
          dreamdust_deal_with_the_devil, gammafunk_lair_bear_cave
Shoals:1: layout_shoals
Shoals:2: layout_shoals, nicolae_shoals_abyss_on_the_beach, uniq_louise
Shoals:3: layout_shoals, nicolae_shoals_lost_giant_baths
Snake:1:  hangedman_cross_stitches, layout_misc_corridors, uniq_roxanne
Snake:2:  layout_chambers, st_stairs_3
Snake:3:  layout_honeycomb, nicolae_snake_gridmaze_zigzag
Orc:1:    layout_caves, serial_shops, nicolae_shop_waterfront, shop,
          shop_fountains, nicolae_shop_advertising_works
          [nicolae_subvault_shop_adworks]
Orc:2:    grunt_orc_cross, layout_diamond_mine,
          portal_ice_cave_entry_animals_and_master
Elf:1:    minmay_elf_arrival_summoners, layout_geoelf_octagon,
          ebering_ghost_reflecting_pool, enter_trove_3, hangedman_elf_disciples,
          nicolae_concentric_dashed_squares_mild, minmay_shop_grove

Skill      XL: |  1  2  3  4  5  6  7  8  9 10 11 12 13 14 15 16 17 18 |
---------------+-------------------------------------------------------+-----
Fighting       | 4 5 6 8 9 10 11 13 14 16 17 18 | 18.6
Armour         | 4 5 6 8 10 12 13 14 15 16 17 18 | 18.8
Shields        | 4 5 6 7 8 11 13 15 17 18 21 | 21.9
Long Blades    | 3 5 6 7 9 11 12 14 15 16 17 18 19 | 19.6
Dodging        | 1 2 3 4 5 |  5.0
Stealth        | 1 2 |  2.8
Evocations     | 1 |  1.8
Invocations    | 1 2 3 |  3.2
Axes           | 2 4 5 |  5.6

Action                   |  1- 3 |  4- 6 |  7- 9 | 10-12 | 13-15 | 16-18 || total
-------------------------+-------+-------+-------+-------+-------+-------++-------
Melee: Long sword        |    78 |    82 |   135 |   517 |  1563 |   254 ||  2629
       Headbutt          |    10 |    14 |    49 |   131 |   380 |   444 ||  1028
       Falchion          |       |       |   137 |       |       |   858 ||   995
       Broad axe         |       |       |       |    17 |    31 |       ||    48
       Demon blade       |       |       |       |       |       |   426 ||   426
Invok: Heroism           |       |       |     1 |    17 |    26 |    13 ||    57
Evoke: Wand              |       |       |       |    14 |     2 |     4 ||    20
  Use: Scroll            |       |       |       |    13 |    16 |     6 ||    35
       Potion            |       |       |       |     3 |       |     2 ||     5
Armor: Scale mail        |    12 |       |       |       |    66 |       ||    78
       Plate armour      |    38 |    24 |    35 |   369 |   838 |   774 ||  2078
       Chain mail        |       |    33 |    70 |       |       |       ||   103
Dodge: Dodged            |    30 |    17 |    73 |   173 |   455 |   408 ||  1156
Block: Buckler           |    14 |    21 |    62 |    70 |       |       ||   167
       Kite shield       |       |       |       |   219 |  1156 |   522 ||  1897
       Tower shield      |       |       |       |       |       |   933 ||   933
       Reflection        |       |       |       |       |       |     5 ||     5
